 Dungeon Crawl Stone Soup version 0.31-a0-214-gb37851dbb3 (webtiles) character file.

Game seed: 13195220035120838127

931 reriks the Magician (level 7, -1/36 HPs)
             Began as a Deep Elf Fire Elementalist on July 2, 2023.
             Slain by a wight
             ... wielding a +0 dagger
              (3 damage)
             ... on level 6 of the Dungeon.
             The game lasted 00:12:30 (9909 turns).

reriks the Magician (Deep Elf Fire Elementalist)    Turns: 9909, Time: 00:12:31

Health: -1/36      AC:  6    Str:  5    XL:     7   Next: 86%
Magic:  11/17      EV: 14    Int: 22    God:
Gold:   222        SH:  0    Dex: 15    Spells: 11/17 levels left

rFire   . . .        m - +1 dagger (flame)
rCold   . . .        (no shield)
rNeg    . . .        a - +0 robe
rPois   .            l - +2 hat
rElec   .            (no cloak)
rCorr   .            r - +0 pair of gloves
SInv    .            i - +0 pair of boots
Will    .....        (no amulet)
Stlth   +++          (no ring)
HPRegen 0.26/turn    (no ring)
MPRegen 0.15/turn

%: no passive effects
@: about to teleport
A: no striking features
a: no special abilities


You were on level 6 of the Dungeon.
You visited 1 branch of the dungeon, and saw 6 of its levels.

You collected 222 gold pieces.

Inventory:

Hand Weapons
 c - a +0 whip
 h - a +3 spear
 m - a +1 dagger of flaming (weapon)
Armour
 a - a +0 robe (worn)
 i - a +0 pair of boots (worn)
 l - a +2 hat (worn)
 r - a +0 pair of gloves (worn)
 s - a +2 helmet
Scrolls
 f - a scroll of fog
 g - a scroll of teleportation
 j - a scroll of torment {unknown}
 o - a scroll of poison {unknown}
 p - a scroll of noise {unknown}
 q - a scroll of immolation {unknown}
 t - a scroll of silence {unknown}
 w - 2 scrolls of identify
Potions
 e - a potion of attraction
 k - 2 potions of degeneration
 n - a potion of might
 u - a potion of haste {unknown}
 v - a potion of invisibility {unknown}


   Skills:
 + Level 5.4 Dodging
 + Level 5.7 Stealth
 + Level 5.9 Spellcasting
 + Level 4.4 Conjurations
 + Level 5.5 Fire Magic


You had 11 spell levels left.
You knew the following spells:

 Your Spells              Type           Power      Damage    Failure   Level
a - Foxfire               Conj/Fire      100%       2x1d9     1%          1
b - Scorch                Fire           60%        2d7       1%          2
c - Inner Flame           Hex/Fire       18%        N/A       9%          3

Your spell library contained the following spells:

 Spells                   Type           Power      Damage    Failure   Level
 Volatile Blastmotes      Fire/Tloc      36%        2d13      9%          3
 Apportation              Tloc           12%        N/A       10%         1
 Necrotise                Necr           24%        1d5       10%         1
 Slow                     Hex            24%        N/A       10%         1
 Flame Wave               Conj/Fire      28%        2d9       12%         4
 Confusing Touch          Hex            6%         N/A       28%         3
 Gell's Gravitas          Tloc           6%         N/A       28%         3
 Teleport Other           Tloc           6%         N/A       28%         3
 Vampiric Draining        Necr           6%         2d6       28%         3
 Agony                    Necr           6%         N/A       95%         5
 Alistair's Intoxication  Tmut/Pois      4%         N/A       95%         5
 Dispersal                Tloc           3%         N/A       100%        6


Dungeon Overview and Level Annotations

Branches:
Dungeon (6/15)
 Temple: D:4-7

Altars:
Elyvilon
Kikubaaqudgha
Nemelex Xobeh
Qazlal
Wu Jian
Zin

Shops:
D:5 (   D:6 *


Message History

A wight comes into view. It is wielding a +0 trident.
Casting: Scorch (safe; 1% risk of failure)
Confirm with . or Enter, or press ? or * to list all spells.
Flames lash the wight.
The wight is burned terribly!
The wight is almost destroyed.
The wight misses you. The wight closely misses you.
A wight comes into view. It is wielding a +3 spear.
The wight misses you.
The wight hits you from afar with a +0 spear.
You feel drained. The wight attacks as you move away!
The wight hits you with a +0 short sword.
You feel drained. The wight attacks as you move away!
The wight completely misses you.
The wight hits you with a +0 short sword!
Casting: Scorch (safe; 1% risk of failure)
Confirm with . or Enter, or press ? or * to list all spells.
Flames lash the wight.
You destroy the wight!
The wight hits you but does no damage.
Your life force feels restored.
The wight is no longer more vulnerable to fire.
The wight misses you.
As you read the scroll labelled RIESSU GESMIFY, it crumbles to dust.
You assume a fearsome visage.
The wight is unaffected. x4
It was a scroll of fear.
As you read the scroll labelled GIERIQOAKA, it crumbles to dust.
You feel aware of your surroundings.
It was a scroll of revelation.
The wight hits you with a +0 short sword.
As you read the scroll labelled XILLAO KORA, it crumbles to dust.
You feel strangely unstable.
It was a scroll of teleportation.
The wight closely misses you. The wight hits you with a +0 dagger.
The wight hits you with a +0 short sword.
* * * LOW HITPOINT WARNING * * *
The wight hits you from afar with a +3 spear!
* * * LOW HITPOINT WARNING * * *
Okay, then.
The wight hits you but does no damage. The wight attacks as you move away!
The wight hits you with a +0 dagger.
You die...

,,,,,,#.._#_..#...### **,,,,,,*
****,,###*#####.....#####,,,,,,**
* *,,#.._#_..#..........,,,,,** *
*,,#...#...#..........,,,,,* *
*****,,,,.#..............,,,,,***
,,,,,,,,#####............,,,,***,
,,,,,,,,* ##...######....,,,,**,,
*,,,,,,** ###...#######..,,,,*,,,
**,,,,,* ####..@zz#####.,,,,,,,,
*,,,,** ####...zz).####,,,,,,,,
*,,,,* ###..........###...,,,,
***,,,* ###................,,,,
,**,,,****###................,,,,
,,,,,,,,,,...................,,,,
,,,,,,,,,,.................∩.,,,,
,,,,,,,,,,...................,,,,
*,,,******##.....>...........,,,,


You could see 4 wights.

Vanquished Creatures
  An ice beast (D:6)
  2 ogres (D:5)
  A wight (D:6)
  2 hounds
  A jelly (D:5)
  An orc priest (D:5)
  A gnoll bouda (D:4)
  A sleepcap (D:5)
  5 iguanas
  An orc wizard (D:4)
  10 gnolls
  11 adders
  A shadow imp (D:4)
  A worm (D:5)
  8 orcs
  7 endoplasms
  A giant cockroach (D:2)
  5 goblins
  10 hobgoblins
  3 jackals (D:3)
  3 ball pythons (D:4)
  5 bats
  4 frilled lizards (D:1)
  9 kobolds
  10 rats
104 creatures vanquished.

Vanquished Creatures (others)
  322 foxfires
322 creatures vanquished.

Grand Total: 426 creatures vanquished

Notes
Turn   | Place    | Note
-------+----------+-------------------------------------------
     0 | D:1      | reriks the Deep Elf Fire Elementalist began the quest for
                  | the Orb.
     0 | D:1      | Reached XP level 1. HP: 10/10 MP: 6/6
     3 | D:1      | Found a faded altar of an unknown god.
    29 | D:1      | Reached XP level 2. HP: 15/15 MP: 0/8
   940 | D:1      | Learned a level 2 spell: Scorch
  1324 | D:1      | Reached XP level 3. HP: 19/19 MP: 6/9
  1846 | D:2      | Reached XP level 4. HP: 24/24 MP: 7/11
  4152 | D:4      | Reached XP level 5. HP: 28/28 MP: 10/13
  4665 | D:4      | Learned a level 3 spell: Inner Flame
  5884 | D:3      | Found an ornate altar of the Wu Jian Council.
  6202 | D:3      | Identified the +0 pair of gloves of the Guava {rN+ Will-
                  | Regen+ Dex+3}
  6555 | D:3      | You fall into a shaft and drop 1 floor!
  6741 | D:4      | Found a glowing silver altar of Zin.
  6890 | D:4      | Reached XP level 6. HP: 32/32 MP: 8/14
  7412 | D:5      | Entered Level 5 of the Dungeon
  7984 | D:4      | Reached skill level 5 in Spellcasting
  8389 | D:5      | Identified the +7 chain mail of Impressiveness {Str+3}
  8774 | D:5      | Reached skill level 5 in Stealth
  8774 | D:5      | Reached skill level 5 in Fire Magic
  8774 | D:5      | Reached XP level 7. HP: 36/36 MP: 9/16
  9129 | D:5      | Found Siukutus's Weapon Emporium.
  9361 | D:5      | Reached skill level 5 in Dodging
  9849 | D:6      | Found a white marble altar of Elyvilon.
  9849 | D:6      | Found a sparkling altar of Nemelex Xobeh.
  9850 | D:6      | Found an ancient bone altar of Kikubaaqudgha.
  9858 | D:6      | Found a stormy altar of Qazlal.
  9887 | D:6      | Found Poas's Assorted Antiques.
  9909 | D:6      | Slain by a wight

Illustrated notes

Levels and vault maps discovered:
D:1:      noname_arrival_rooms_in_the_neighbourhood, layout_loops_cross,
          basic_ecumenical_altar, serial_bayou_pond_d
D:2:      layout_loops_cross, kennysheep_cross_room, minmay_misc_feat_square
D:3:      layout_basic, nicolae_wu_jian_wuxing_cycle
D:4:      layout_loops_corners, kennysheep_mini_moat, minivault_1,
          hangedman_feature_mirror
D:5:      layout_basic, serial_shops, shop
D:6:      layout_layer_cave, nicolae_overflow_quartered_altars, serial_shops,
          shop

Skill      XL: |  1  2  3  4  5  6  7 |
---------------+----------------------+-----
Stealth        | 3 4 5 |  5.7
Dodging        | 3 4 5 |  5.4
Conjurations   | 2 3 4 |  4.4
Fire Magic     | 4 5 |  5.5
Spellcasting   | 4 5 |  5.9

Action                     |  1- 3 |  4- 6 |  7- 9 || total
---------------------------+-------+-------+-------++-------
  Melee: Whip              |       |     1 |       ||     1
         Dagger            |       |     1 |       ||     1
   Cast: Foxfire           |    51 |   119 |    19 ||   189
         Scorch            |       |    31 |    14 ||    45
    Use: Scroll            |       |     4 |     3 ||     7
         Potion            |       |     3 |       ||     3
 Armour: Robe              |     2 |    17 |     2 ||    21
  Dodge: Dodged            |     3 |    43 |    11 ||    57

Table legend: (Time is in decaauts)
 A = Elapsed time spent in this place.
 B = Non-inter-level travel time spent in this place.
 C = Inter-level travel time spent in this place.
 D = Time resting spent in this place.
 E = Time spent auto-exploring this place.
 F = Levels seen in this place.
 G = Mean time per level.
                   A        B        C        D        E       F      G
               +--------+--------+--------+--------+--------+-----+--------+
         Total |   9913 |   9476 |    437 |   5526 |   2916 |   6 | 1652.2 |
       Dungeon |   9913 |   9476 |    437 |   5526 |   2916 |   6 | 1652.2 |
               +--------+--------+--------+--------+--------+-----+--------+

Top non-repeatable levels by time:
     D:4: 2411 daAuts
     D:3: 2132 daAuts
     D:2: 1670 daAuts
     D:5: 1647 daAuts
     D:1: 1595 daAuts
     D:6: 456 daAuts
